 Dungeon Crawl Stone Soup version 0.23.0-3-gf3c87f2 (webtiles) character file.

Game seed: 1180727314117030583

233 Borgoz the Sneak (level 6, -16/44 (45) HPs)
             Began as a Ghoul Enchanter on Feb 24, 2019.
             Demolished by an ogre
             ... wielding a +0 giant club
              (25 damage)
             ... on level 4 of the Dungeon.
             The game lasted 00:12:19 (4286 turns).

Borgoz the Sneak (Ghoul Enchanter)                  Turns: 4286, Time: 00:12:19

HP:   -16/44 (45)   AC:  2    Str: 12    XL:     6   Next: 5%
MP:   2/7           EV: 12    Int: 10    God:
Gold: 218           SH:  0    Dex: 11    Spells: 3/8 levels left

rFire    + . .     SeeInvis .   a - +1 dagger
rCold    + . .     Gourm    .   (no shield)
rNeg     + + +     Faith    .   b - +0 robe
rPois    ∞         Spirit   .   (no helmet)
rElec    .         Reflect  .   (no cloak)
rCorr    .         Harm     .   (no gloves)
MR       .....                  (no boots)
Stlth    +++.......             (no amulet)
HPRegen  0.00/turn              c - ring of protection from fire
MPRegen  0.10/turn              e - ring of stealth

@: rotting
A: rotting body, claws 1, carnivore, cold resistance 1, negative energy
resistance 3, inhibited regeneration, torment resistance, unbreathing
a: no special abilities


You were on level 4 of the Dungeon.
You were not hungry.

You visited 1 branch of the dungeon, and saw 4 of its levels.

You collected 218 gold pieces.

Inventory:

Hand Weapons
 a - a +1 dagger (weapon)
Armour
 b - a +0 robe (worn)
Jewellery
 c - a ring of protection from fire (left claw)
 e - a ring of stealth (right claw)
Wands
 f - a wand of disintegration (8)
Scrolls
 h - a scroll of noise {unknown}
 i - 2 scrolls of fog
 j - a scroll of remove curse
 k - 4 scrolls of identify {unknown}
 m - a scroll of amnesia
Comestibles
 d - 9 rations


   Skills:
 * Level 3.1 Short Blades
 + Level 2.7 Dodging
 + Level 4.2 Stealth
 - Level 1.7 Spellcasting
 * Level 3.6 Hexes


You had 3 spell levels left.
You knew the following spells:

 Your Spells              Type           Power        Failure   Level  Hunger
a - Confuse               Hex            #.......     22%         3    ####...
b - Ensorcelled Hibernat  Hex/Ice        #.....       22%         2    ###....

Your spell library contained the following spells:

 Spells                   Type           Power        Failure   Level  Hunger
 Corona                   Hex            #......      8%          1    ##.....
 Tukima's Dance           Hex            #.......     22%         3    ####...
 Dazzling Spray           Conj/Hex       #.....       41%         3    ####...


Dungeon Overview and Level Annotations

Branches:
Dungeon (4/15)
 Temple: D:4-7

Altars:
Yredelemnul


Innate Abilities, Weirdness & Mutations

Your body is rotting away.
You thrive on raw meat.
You are immune to poison.
You have sharp fingernails.
You are carnivorous and can eat meat at any time.
Your flesh is cold resistant. (rC+)
You are immune to negative energy. (rN+++)
You do not regenerate when monsters are visible.
You are immune to unholy pain and torment.
You can survive without breathing.


Message History

The ogre easily resists.
The ogre hits you with a +0 giant club!
Casting: Ensorcelled Hibernation (safe; 22% risk of failure)
Confirm with . or Enter, or press ? or * to list all spells.
Aiming: Ensorcelled Hibernation (safe; 22% risk of failure)
Press: ? - help, Shift-Dir - straight line, f/p - ogre
Aim: an ogre, wielding a +0 giant club (chance to defeat MR: 36%)
The ogre easily resists.
The ogre hits you with a +0 giant club!
* * * LOW HITPOINT WARNING * * *
You aren't carrying any potions.
As you read the scroll labeled LEUCOA DEADD, it crumbles to dust.
The scroll dissolves into smoke.
It was a scroll of fog.
There is a stone staircase leading up here.
As you read the scroll labeled ATZAFUMAE, it crumbles to dust.
You feel blessed for a moment.
It was a scroll of remove curse.
The ogre hits you with a +0 giant club.
* * * LOW HITPOINT WARNING * * *
You hit the ogre but do no damage.
The ogre hits you with a +0 giant club!!
Ouch! That really hurt!
You die...

#.....§§§.....##
#.####§§###.### .
####§§# #.# #.§§§§# #.#
#§#§§## #.# ## #.#§##
#.# #≈### #...# #.#
≈≈≈## ###O# #.# #≈≈# ###
#@# #.# ##≈≈#####.## #.#
#.#
##.≈≈..##...####.#####.#
#..≈≈....<.............#
...≈≈≈...)....##.#######
...≈≈≈.#.....###........
≈......##...## #.######.
≈≈≈≈...###.## #.#
≈.≈≈≈≈≈##### #.#


You could see an ogre.

Vanquished Creatures
  A howler monkey (D:4)
  A hound (D:4)
  Terence (D:3)
  4 gnolls (D:3)
  2 adders
  An ooze (D:1)
  A worm (D:2)
  A dart slug (D:1)
  6 leopard geckos
  2 orcs (D:3)
  14 bats
  7 goblins
  10 hobgoblins
  10 kobolds
  3 quokkas
  3 frilled lizards
  2 rats (D:1)
  A spectral orc (D:4)
70 creatures vanquished.

Notes
Turn   | Place    | Note
-------+----------+-------------------------------------------
     0 | D:1      | Borgoz the Ghoul Enchanter began the quest for the Orb.
     0 | D:1      | Reached XP level 1. HP: 14/14 MP: 2/2
    11 | D:1      | Reached skill level 1 in Short Blades
    75 | D:1      | Reached XP level 2. HP: 15/20 MP: 3/3
   765 | D:1      | Reached XP level 3. HP: 19/26 MP: 4/4
  1174 | D:1      | Learned a level 3 spell: Confuse
  1177 | D:1      | Learned a level 2 spell: Ensorcelled Hibernation
  1646 | D:2      | Reached XP level 4. HP: 21/33 MP: 2/5
  2015 | D:4      | Found a basalt altar of Yredelemnul.
  2328 | D:3      | Reached XP level 5. HP: 33/37 MP: 6/6
  2436 | D:3      | Noticed Terence
  2443 | D:3      | Killed Terence
  2443 | D:3      | Reached skill level 4 in Stealth
  3842 | D:4      | Reached XP level 6. HP: 44/45 MP: 4/7
  4286 | D:4      | Demolished by an ogre

Skill      XL: |  1  2  3  4  5 |
---------------+----------------+-----
Short Blades   | 1 2 3 |  3.1
Dodging        | 2 |  2.7
Hexes          | 3 |  3.6
Stealth        | 4 |  4.2
Spellcasting   | |  1.7

Action                   |  1- 3 |  4- 6 || total
-------------------------+-------+-------++-------
Melee: Dagger            |   212 |   145 ||   357
 Cast: Ensorcelled Hiber |     2 |    21 ||    23
       Confuse           |       |     1 ||     1
Evoke: Wand              |       |     2 ||     2
  Use: Potion            |     2 |     3 ||     5
       Scroll            |     2 |     2 ||     4
 Stab: Sleeping          |     7 |    14 ||    21
  Eat: Chunk             |    19 |    15 ||    34
Armor: Robe              |    53 |    14 ||    67
Dodge: Dodged            |   170 |    84 ||   254
